AoeStats
← DRx5837

Four Lakes

509107996Analyzed
1v1 RM · 6d ago on Sep 25, 2026· 40m 34s· 2 players
Game mode
Random Map
Map size
Tiny (2 player)
Population
200
Speed
Normal
Resources
Standard
Victory
Conquest
Starting age
Dark Age
Ending age
Imperial Age
RankedLock teamsTeams togetherTeam positionsShared explorationLock speedFull tech treeHidden civsTurbo modeCheats
Victory
Defeat
🇨🇭 Aztecs · Switzerland
1331
+15
🇪🇸 Byzantines · Spain
1317
-15
Caberator
9:31 Loom
11:17 Feudal Age
12:46 Double-Bit Axe
15:52 Fletching
20:11 Padded Archer Armor
24:22 Castle Age
24:39 Crossbowman
25:47 Bodkin Arrow
26:31 Bow Saw
29:15 Man-at-Arms
30:00 Scale Mail Armor
37:28 Forging
38:26 Scale Barding Armor
40:08 Iron Casting
39:36 Horse Collar
DRx5837
8:20 Loom
10:22 Feudal Age
12:39 Double-Bit Axe
18:10 Castle Age
17:18 Fletching
19:11 Medium Warships
19:00 Fishing Lines
20:37 Forging
20:59 Eagle Warrior
24:31 Scale Mail Armor
25:49 Chain Mail Armor
28:05 Gold Mining
28:56 Squires
33:00 Iron Casting
34:34 Horse Collar
40:23 Imperial Age
39:08 Sanctity
39:04 Bodkin Arrow
39:54 Wheelbarrow
39:05 Town Watch
40:03 Crossbowman
Connection lost

Rejoining the realm…

Still unreachable

The connection could not be restored.

Session expired

The server has moved on; the page needs a fresh start.